 Dungeon Crawl Stone Soup version 0.24-a0-443-g80245de385 (webtiles) character file.

Game seed: 468435015349873898

87 Kisielow the Twirler (level 4, -1/26 HPs)
             Began as a Gargoyle Gladiator on June 21, 2019.
             Slain by a gnoll
             ... wielding a cursed +0 whip
              (7 damage)
             ... on level 2 of the Dungeon.
             The game lasted 00:02:37 (2500 turns).

Kisielow the Twirler (Gargoyle Gladiator)           Turns: 2500, Time: 00:02:38

Health: -1/26      AC:  8    Str: 19    XL:     4   Next: 51%
Magic:  4/4        EV: 12    Int:  8    God:
Gold:   129        SH:  0    Dex: 11    Spells: 3/3 levels left

rFire    . . .     SeeInvis .   a - +0 quarterstaff
rCold    + . .     Gourm    .   (shield currently unavailable)
rNeg     + . .     Faith    .   b - +0 leather armour
rPois    ∞         Spirit   .   c - +0 helmet
rElec    +         Reflect  .   (no cloak)
rCorr    .         Harm     .   h - +0 pair of gloves
MR       .....                  (no boots)
Stlth    +.........             j - amulet of magic regeneration
HPRegen  0.08/turn              l - ring of protection from cold
MPRegen  0.34/turn              (no ring)

@: no status effects
A: negative energy resistance 1, electricity resistance, unbreathing,
petrification resistance, rot immunity, AC +3
a: no special abilities


You were on level 2 of the Dungeon.
You were not hungry.

You visited 1 branch of the dungeon, and saw 2 of its levels.

You collected 129 gold pieces.

Inventory:

Hand Weapons
 a - a +0 quarterstaff (weapon)
Missiles
 k - a throwing net (quivered)
Armour
 b - a +0 leather armour (worn)
 c - a +0 helmet (worn)
 h - a +0 pair of gloves (worn)
Jewellery
 j - an amulet of magic regeneration (around neck)
 l - a ring of protection from cold (left hand)
Scrolls
 e - a scroll of amnesia {unknown}
 g - a scroll of remove curse {unknown}
 m - 2 scrolls of noise {unknown}
 n - 2 scrolls of identify {unknown}
 o - a scroll of enchant armour {unknown}
 r - a scroll of blinking {unknown}
Potions
 d - 2 potions of curing {unknown}
 i - a potion of brilliance {unknown}
 p - a potion of heal wounds {unknown}
Comestibles
 f - 5 rations


   Skills:
 - Level 2.1 Fighting
 + Level 5.1 Staves
 - Level 1.7 Throwing
 - Level 2.4 Dodging


You had 3 spell levels left.
You didn't know any spells.
Your spell library was empty.

Dungeon Overview and Level Annotations

Branches:
Dungeon (2/15)

Altars:
Xom


Innate Abilities, Weirdness & Mutations

You are resistant to torment.
Your stone body is resilient. (AC +3)
You are immune to poison.
You resist negative energy. (rN+)
You are resistant to electric shocks. (rElec)
You can survive without breathing.
You are immune to petrification.
You are immune to rotting.


Message History

You hit the gnoll.
The gnoll is lightly wounded.
The gnoll hits you but does no damage. The gnoll completely misses you.
The gnoll closely misses you.
You closely miss the gnoll.
The gnoll is lightly wounded.
The gnoll hits you.
The gnoll hits you but does no damage. x2
You barely miss the gnoll.
The gnoll is lightly wounded.
The gnoll barely misses you. x2
A gnoll comes into view. It is wielding a +0 flail.
The gnoll misses you. The gnoll hits you.
You barely miss the gnoll.
The gnoll is lightly wounded.
The gnoll closely misses you. The gnoll hits you but does no damage.
The gnoll hits you from afar with a +0 halberd!
Ouch! That really hurt!
* * * LOW HITPOINT WARNING * * *
The gnoll hits you with a cursed +0 whip!
You die...

#...#....# ##.......###
##.#.#.### ##.....## #
##...## ##...## # ##.##
##'## # #)# #.#
#####.#### #.#
#........###### ##.##
#.###.........###...#####
#.##@####.##.....#...
#...gg# ##...#.###
#.##gg###.####.##.# #
#............÷....###
.....#############...
###### ####


You could see 4 gnolls.

Vanquished Creatures
  2 adders (D:2)
  An ooze (D:2)
  A worm (D:2)
  A dart slug (D:1)
  2 leopard geckos (D:1)
  3 orcs (D:2)
  A ball python (D:1)
  5 bats
  3 giant cockroaches (D:1)
  5 goblins
  3 hobgoblins (D:1)
  10 jackals (D:1)
  2 frilled lizards (D:1)
  6 kobolds
  6 rats
51 creatures vanquished.

Notes
Turn   | Place    | Note
-------+----------+-------------------------------------------
     0 | D:1      | Kisielow the Gargoyle Gladiator began the quest for the
                  | Orb.
     0 | D:1      | Reached XP level 1. HP: 12/12 MP: 1/1
    95 | D:1      | Reached XP level 2. HP: 5/17 MP: 2/2
   704 | D:1      | Found a shimmering altar of Xom.
   899 | D:1      | Reached skill level 4 in Staves
   999 | D:1      | Reached XP level 3. HP: 18/21 MP: 3/3
  1883 | D:2      | Reached XP level 4. HP: 26/26 MP: 4/4
  2211 | D:2      | Reached skill level 5 in Staves
  2500 | D:2      | Slain by a gnoll

Levels and vault maps discovered:
D:1:      ncdulo_watergridlock, layout_basic, xom_teletrap_fun
D:2:      layout_loops_corners, minmay_crystal_water

Skill      XL: |  1  2  3  4 |
---------------+-------------+-----
Staves         | 4 5 |  5.1
Fighting       | |  2.1
Throwing       | |  1.7
Dodging        | |  2.4

Action                   |  1- 3 |  4- 6 || total
-------------------------+-------+-------++-------
Melee: Quarterstaff      |   131 |    34 ||   165
  Eat: Chunk             |     3 |     2 ||     5
Armor: Leather armour    |    42 |    23 ||    65
Dodge: Dodged            |    92 |    32 ||   124

Table legend:
 A = Non-vault XP
 B = Vault XP
 C = Vault XP percentage of total XP
 D = Non-vault monster count
 E = Vault monster count
 F = Vault count percentage of total count
                 A         B        C        D         E       F
            +---------+---------+-------+---------+---------+-------
      Total |     125 |       0 |   0.0 |      51 |       0 |   0.0
            +---------+---------+-------+---------+---------+-------
        D:1 |      65 |       0 |   0.0 |      36 |       0 |   0.0
        D:2 |      60 |       0 |   0.0 |      15 |       0 |   0.0
            +---------+---------+-------+---------+---------+-------
